 Dungeon Crawl Stone Soup version 0.29-a0-271-gd4eb659eea (webtiles) character file.

Game seed: 17034720081087168177

98 ders the Digger (level 4, -6/24 HPs)
             Began as a Gargoyle Earth Elementalist on Mar 8, 2022.
             Mangled by an orc
             ... wielding a +0 flail
              (8 damage)
             ... on level 3 of the Dungeon.
             The game lasted 00:02:05 (2324 turns).

ders the Digger (Gargoyle Earth Elementalist)       Turns: 2324, Time: 00:02:06

Health: -6/24      AC:  5    Str: 12    XL:     4   Next: 69%
Magic:  0/8        EV: 11    Int: 17    God:
Gold:   36         SH:  0    Dex: 10    Spells: 5/9 levels left

rFire   . . .      SeeInvis .   l - +1 dagger (freeze)
rCold   . . .      Faith    .   (no shield)
rNeg    + . .      Spirit   .   b - +0 robe
rPois   ∞          Reflect  .   (no helmet)
rElec   +          Harm     .   (no cloak)
rCorr   .          Rampage  .   (no gloves)
Will    .....                   (no boots)
Stlth   ++........              (no amulet)
HPRegen 0.08/turn               (no ring)
MPRegen 0.11/turn               (no ring)

@: no status effects
A: sickness immunity, AC +3, negative energy resistance 1, electricity
resistance, torment resistance 1, petrification resistance
a: no special abilities


You were on level 3 of the Dungeon.
You visited 1 branch of the dungeon, and saw 3 of its levels.

You collected 69 gold pieces.
You spent 33 gold pieces at shops.

Inventory:

Hand Weapons
 l - a +1 dagger of freezing (weapon)
Missiles
 a - 65 stones
Armour
 b - a +0 robe (worn)
Wands
 r - a wand of flame (21)
Scrolls
 h - a scroll of fog {unknown}
 i - a scroll of brand weapon {unknown}
 k - a scroll of fear {unknown}
 m - a scroll of enchant weapon {unknown}
 o - a scroll of magic mapping {unknown}
 q - a scroll of teleportation
Potions
 c - 2 potions of magic
 d - a potion of might {unknown}
 e - a potion of flight {unknown}
 f - a potion of berserk rage {unknown}
 g - a potion of resistance {unknown}
 j - a potion of heal wounds {unknown}
 n - a potion of attraction {unknown}
 p - a potion of degeneration {unknown}


   Skills:
 - Level 1.5 Dodging
 - Level 2.1 Stealth
 + Level 3.0 Spellcasting
 + Level 2.4 Conjurations
 - Level 0.7 Transmutations
 + Level 4.7 Earth Magic


You had 5 spell levels left.
You knew the following spells:

 Your Spells              Type           Power      Damage    Failure   Level
a - Sandblast             Erth           36%        2d10      2%          1
b - Stone Arrow           Conj/Erth      28%        3d8       12%         3

Your spell library contained the following spells:

 Spells                   Type           Power      Damage    Failure   Level
 Passwall                 Tmut/Erth      9%         N/A       9%          2
 Freeze                   Ice            8%         1d3       17%         1
 Wereblood                Tmut           5%         N/A       21%         2
 Frozen Ramparts          Ice            4%         1d2       45%         3
 Petrify                  Tmut/Erth      11%        N/A       50%         4
 Hailstorm                Conj/Ice       6%         3d4       71%         4
 Summon Hydra             Summ           1%         N/A       100%        7
 Sublimation of Blood     Necr           Unusable   N/A       N/A         2

Dungeon Overview and Level Annotations

Branches:
Dungeon (3/15)

Altars:

Shops:
D:2 ?


Innate Abilities, Weirdness & Mutations

You are immune to sickness and miasma.
Your stone body is resilient. (AC +3)
You are immune to poison.
You resist negative energy. (rN+)
You are resistant to electric shocks. (rElec)
You are resistant to unholy torment.
You are immune to petrification.


Message History

The blast of sand hits the orc but does no damage.
Unknown command.
Casting: Sandblast (safe; 2% risk of failure)
Confirm with . or Enter, or press ? or * to list all spells.
You don't have enough magic to cast this spell.
You closely miss the orc. The orc closely misses you.
You closely miss the orc. The orc barely misses you.
You barely miss the orc. The orc hits you with a +0 flail.
You completely miss the orc. The orc hits you with a +0 flail.
You barely miss the orc. The orc closely misses you.
Your magical contamination has completely faded away.
You barely miss the orc. The orc hits you with a +0 flail.
You closely miss the orc. The orc hits you but does no damage.
You closely miss the orc. The orc hits you with a +0 flail.
* * * LOW HITPOINT WARNING * * *
You hit the orc but do no damage. The orc closely misses you.
The orc attacks as you move away! The orc hits you with a +0 flail.
* * * LOW HITPOINT WARNING * * *
There is a stone staircase leading up here.
Casting: Sandblast (safe; 2% risk of failure)
Confirm with . or Enter, or press ? or * to list all spells.
You don't have enough magic to cast this spell.
Casting: Sandblast (safe; 2% risk of failure)
Confirm with . or Enter, or press ? or * to list all spells.
Aiming: Sandblast (safe; 2% risk of failure)
Press: ? - help, Shift-Dir - straight line, f/p - orc
Aim: an orc, wielding a +0 flail and wearing a +0 ring mail (82% to hit)
The blast of sand hits the orc.
The orc is moderately wounded.
The orc barely misses you.
Unknown command.
Casting: Sandblast (safe; 2% risk of failure)
Confirm with . or Enter, or press ? or * to list all spells.
Aiming: Sandblast (safe; 2% risk of failure)
Press: ? - help, Shift-Dir - straight line, f/p - orc
Aim: an orc, wielding a +0 flail and wearing a +0 ring mail (moderately wounded, 82% to hit)
The blast of sand hits the orc but does no damage.
The orc is moderately wounded.
The orc hits you with a +0 flail!
You die...

# ### #. ..#
#.. #.#
..#...####.#
.......).o@#
#......#.###
###..#.#...
## #.#.....
....#####
#.#.# .....
#....


You could see an orc.

Vanquished Creatures
  Natasha (twice) (D:2)
  An adder (D:2)
  5 endoplasms
  3 giant cockroaches
  9 goblins
  3 hobgoblins (D:1)
  2 quokkas (D:2)
  3 ball pythons
  5 bats
  4 frilled lizards
  3 rats (D:2)
40 creatures vanquished.

Notes
Turn   | Place    | Note
-------+----------+-------------------------------------------
     0 | D:1      | ders the Gargoyle Earth Elementalist began the quest for
                  | the Orb.
     0 | D:1      | Reached XP level 1. HP: 10/10 MP: 3/3
   208 | D:1      | Reached XP level 2. HP: 15/15 MP: 3/5
   282 | D:1      | Reached skill level 1 in Conjurations
   417 | D:1      | Found a faded altar of an unknown god.
   539 | D:1      | Reached skill level 4 in Earth Magic
  1086 | D:2      | Reached XP level 3. HP: 19/19 MP: 4/6
  1120 | D:2      | Noticed Natasha
  1125 | D:2      | Killed Natasha
  1369 | D:2      | Learned a level 3 spell: Stone Arrow
  1378 | D:2      | Reached XP level 4. HP: 24/24 MP: 4/8
  1735 | D:2      | Found Tumuk's Magic Scroll Boutique.
  1773 | D:2      | Bought a scroll of teleportation for 33 gold pieces
  1845 | D:2      | Noticed Natasha
  1852 | D:2      | Killed Natasha
  2324 | D:3      | Mangled by an orc

Illustrated notes

Levels and vault maps discovered:
D:1:      dpeg_arrival_round_c, layout_basic, basic_ecumenical_altar,
          interstate_on_off, hangedman_decor_clover_reticule, minmay_tromino_i4
D:2:      layout_basic, serial_shops, shop, uniq_natasha
D:3:      layout_basic, xom_redecorated, lemuel_round_altar, uniq_robin

Skill      XL: |  1  2  3  4 |
---------------+-------------+-----
Conjurations   | 1 2 |  2.4
Earth Magic    | 4 |  4.7
Spellcasting   | 3 |  3.0
Dodging        | |  1.5
Stealth        | |  2.1
Transmutations | |  0.7

Action                   |  1- 3 |  4- 6 || total
-------------------------+-------+-------++-------
Melee: Dagger            |       |    10 ||    10
 Cast: Sandblast         |    26 |    20 ||    46
       Stone Arrow       |       |     3 ||     3
Armor: Robe              |     1 |     4 ||     5
Dodge: Dodged            |     3 |    11 ||    14

Table legend: (Time is in decaauts)
 A = Elapsed time spent in this place.
 B = Non-inter-level travel time spent in this place.
 C = Inter-level travel time spent in this place.
 D = Time resting spent in this place.
 E = Time spent auto-exploring this place.
 F = Levels seen in this place.
 G = Mean time per level.
                   A        B        C        D        E       F      G
               +--------+--------+--------+--------+--------+-----+--------+
         Total |   2323 |   2299 |     24 |    426 |   1649 |   3 |  774.3 |
       Dungeon |   2323 |   2299 |     24 |    426 |   1649 |   3 |  774.3 |
               +--------+--------+--------+--------+--------+-----+--------+

Top non-repeatable levels by time:
     D:2: 1392 daAuts
     D:1: 909 daAuts
     D:3: 20 daAuts
